 Dungeon Crawl Stone Soup version 0.24-a0-252-g5076262 (webtiles) character file.

Game seed: 9490136536617022747

576 Borgoz the Cutter (level 7, 0/42 HPs)
             Began as a Gargoyle Gladiator on Apr 17, 2019.
             Slain by a phantom (6 damage)
             ... on level 4 of the Dungeon.
             The game lasted 00:07:25 (3799 turns).

Borgoz the Cutter (Gargoyle Gladiator)              Turns: 3799, Time: 00:07:26

Health: 0/42       AC: 15    Str: 17    XL:     7   Next: 35%
Magic:  8/8        EV: 12    Int:  9    God:
Gold:   138        SH:  0    Dex: 13    Spells: 6/6 levels left

rFire    . . .     SeeInvis .   a - +0 rapier
rCold    . . .     Gourm    .   (no shield)
rNeg     + . .     Faith    .   x - +0 ring mail (curse)
rPois    ∞         Spirit   .   c - +0 helmet
rElec    +         Reflect  .   w - +1 cloak
rCorr    .         Harm     .   (no gloves)
MR       .....                  (no boots)
Stlth    +.........             p - amulet of rage
HPRegen  0.14/turn              j - +2 ring of protection
MPRegen  0.11/turn              (no ring)

@: berserk cooldown, slowed, very slow
A: negative energy resistance 1, electricity resistance, unbreathing,
petrification resistance, rot immunity, AC +4
a: Evoke Berserk Rage


You were on level 4 of the Dungeon.
You were very hungry.

You visited 2 branches of the dungeon, and saw 5 of its levels.

You collected 138 gold pieces.

Inventory:

Hand Weapons
 a - a +0 rapier (weapon)
Missiles
 d - 4 throwing nets (quivered)
Armour
 c - a +0 helmet (worn)
 w - a +1 cloak (worn)
 x - a cursed +0 ring mail (worn)
Jewellery
 j - a +2 ring of protection (left hand)
 p - an amulet of rage (around neck)
 q - an uncursed amulet of faith
 v - an uncursed ring of fire
Scrolls
 b - a scroll of magic mapping {unknown}
 k - 2 scrolls of enchant armour {unknown}
 m - 5 scrolls of identify
 n - 2 scrolls of remove curse
 s - a scroll of teleportation
 t - a scroll of enchant weapon {unknown}
Potions
 e - 2 potions of curing {unknown}
 g - a potion of brilliance
 h - a potion of cancellation {unknown}
 i - a potion of ambrosia {unknown}
 l - a potion of magic {unknown}
 o - 2 potions of agility {unknown}
 u - a potion of berserk rage {unknown}
Comestibles
 f - 4 rations


   Skills:
 + Level 3.8 Fighting
 * Level 4.5 Short Blades
 - Level 1.7 Throwing
 + Level 2.8 Armour
 * Level 4.1 Dodging
 - Level 1.3 Stealth
 + Level 2.0 Evocations


You had 6 spell levels left.
You didn't know any spells.
Your spell library was empty.

Dungeon Overview and Level Annotations

Branches:
Dungeon (4/15)             Temple (1/1) D:4

Altars:
Dithmenos
Fedhas
Gozag
Hepliaklqana
Kikubaaqudgha
Makhleb
Nemelex Xobeh
Ru
Sif Muna
Trog
Vehumet
Wu Jian
Xom
Yredelemnul
Zin
The Shining One

Annotations:
D:4 1 runed translucent door, Crazy Yiuf


Innate Abilities, Weirdness & Mutations

You are resistant to torment.
Your stone body is resilient. (AC +4)
You are immune to poison.
You resist negative energy. (rN+)
You are resistant to electric shocks. (rElec)
You can survive without breathing.
You are immune to petrification.
You are immune to rotting.


Message History

You are exhausted.
You feel yourself slow down.
You hit the phantom.
The phantom is severely damaged.
The phantom barely misses you.
You hit the phantom but do no damage.
The phantom is severely damaged.
The phantom hits you but does no damage.
The phantom closely misses you.
You hit the phantom.
The phantom is severely damaged.
The phantom hits you!
* * * LOW HITPOINT WARNING * * *
You closely miss the phantom.
The phantom is severely damaged.
The phantom hits you!
* * * LOW HITPOINT WARNING * * *
The phantom blinks! x2
The phantom hits you.
You die...

#.#..###..#.#
##.#..#..#.##
#.#.#...#.#.#
####################
###########(...........
#........##(........†.#
#.#####'.##...........#
#.#§≈≈†#.##..........##
#..#≈≈≈@#....%.######.#.
#..#≈≈W≈#......# #.#.
#..#≈≈≈≈#......### #.+.
#..#≈≈≈≈#........# ###.
#..######......#.# #.
#..........#.###.# ##
..........### # ###
##.######## #.. ###


You could see a phantom.

Vanquished Creatures
  A scorpion (D:4)
  An orc priest (D:3)
  4 hounds (D:4)
  4 worker ants
  5 gnolls
  8 adders
  4 river rats (D:4)
  3 worms
  2 dart slugs
  A leopard gecko (D:2)
  7 orcs
  7 giant cockroaches
  14 goblins
  8 hobgoblins
  15 jackals
  3 quokkas
  3 ball pythons
  9 bats
  2 frilled lizards
  9 kobolds
  8 rats
118 creatures vanquished.

Notes
Turn   | Place    | Note
-------+----------+-------------------------------------------
     0 | D:1      | Borgoz the Gargoyle Gladiator began the quest for the Orb.
     0 | D:1      | Reached XP level 1. HP: 12/12 MP: 1/1
    99 | D:1      | Reached XP level 2. HP: 15/17 MP: 2/2
   333 | D:1      | Reached skill level 1 in Stealth
   480 | D:1      | Reached XP level 3. HP: 22/22 MP: 3/3
  1258 | D:2      | Reached skill level 1 in Armour
  1415 | D:2      | Reached XP level 4. HP: 24/27 MP: 4/4
  1703 | D:2      | Found an ancient bone altar of Kikubaaqudgha.
  1945 | D:2      | Reached XP level 5. HP: 27/32 MP: 5/5
  2169 | D:3      | Reached skill level 1 in Evocations
  2221 | D:3      | Found a bloodstained altar of Trog.
  2292 | D:3      | Found a shadowy altar of Dithmenos.
  2559 | D:3      | Reached XP level 6. HP: 36/37 MP: 6/6
  3333 | D:4      | Reached XP level 7. HP: 26/41 MP: 8/8
  3359 | D:4      | Found a runed translucent door.
  3360 | D:4      | Noticed Crazy Yiuf
  3391 | D:4      | Found a sparkling altar of Nemelex Xobeh.
  3424 | D:4      | Found a staircase to the Ecumenical Temple.
  3447 | Temple   | Entered the Ecumenical Temple
  3799 | D:4      | Slain by a phantom

Levels and vault maps discovered:
D:1:      co_arrival_two_rings, layout_basic, serial_forest,
          infiniplex_forest_straight_2, infiniplex_forest_side_room,
          infiniplex_forest_corner_1, infiniplex_forest_clump_large,
          infiniplex_forest_clump_long, infiniplex_forest_zigzag_1,
          infiniplex_forest_clump_tiny, infiniplex_forest_lined_2
D:2:      layout_rooms, nicolae_overflow_hidden_temple, cheibrodos_gnoll_hut
D:3:      layout_basic, lightli_temple_of_fire, nicolae_dithmenos_shadow_blocks,
          first_ration
D:4:      minmay_diamond_boxcup, layout_basic, kennysheep_little_box,
          minmay_temple_entry_hall, portal_sewer_entry_c, serial_curves,
          eino_curves_04, eino_curves_04, eino_curves_01, eino_curves_02,
          uniq_crazy_yiuf_cottage
Temple:   minmay_temple_bridge_abc

Skill      XL: |  1  2  3  4  5  6  7 |
---------------+----------------------+-----
Short Blades   | 3 4 |  4.5
Stealth        | 1 |  1.3
Armour         | 1 2 |  2.8
Dodging        | 3 4 |  4.1
Evocations     | 1 2 |  2.0
Fighting       | 3 |  3.8
Throwing       | |  1.7

Action                   |  1- 3 |  4- 6 |  7- 9 || total
-------------------------+-------+-------+-------++-------
Melee: Rapier            |   127 |   371 |   104 ||   602
 Abil: Evoke Berserk Rag |       |       |     1 ||     1
  Use: Scroll            |     4 |       |       ||     4
 Stab: Sleeping          |       |     1 |       ||     1
  Eat: Chunk             |     2 |     6 |     2 ||    10
Armor: Leather armour    |    55 |    75 |       ||   130
       Ring mail         |       |    87 |    50 ||   137
Dodge: Dodged            |    96 |   246 |    64 ||   406

Table legend:
 A = Non-vault XP
 B = Vault XP
 C = Vault XP percentage of total XP
 D = Non-vault monster count
 E = Vault monster count
 F = Vault count percentage of total count
                 A         B        C        D         E       F
            +---------+---------+-------+---------+---------+-------
      Total |     668 |     156 |  18.9 |     104 |      14 |  11.9
            +---------+---------+-------+---------+---------+-------
        D:1 |      47 |       0 |   0.0 |      27 |       0 |   0.0
        D:2 |     114 |      19 |  14.3 |      25 |       3 |  10.7
        D:3 |     166 |       0 |   0.0 |      38 |       0 |   0.0
        D:4 |     341 |     137 |  28.7 |      14 |      11 |  44.0
            +---------+---------+-------+---------+---------+-------
